[Event "Titled Tuesday Blitz April 19 Late 2022"]
[White "Koelle, Tobias"]
[Black "Kamsky, Gata"]
[WhiteFideId "16207378"]
[BlackFideId "2000024"]
[WhiteElo "2541"]
[BlackElo "2645"]
[Result "0-1"]
[Round "11"]
[TimeControl "180+1"]
[Date "2022.04.19"]
[WhiteClock "0:00:12"]
[BlackClock "0:00:39"]

1. Nf3 Nf6 2. c4 g6 3. Nc3 Bg7 4. e4 d6 5. d4 O-O 6. Be2 e5 7. O-O Nc6 8. Be3 Ng4 9. Bg5 f6 10. Bh4 Nh6 11. d5 Ne7 12. Nd2 g5 13. Bg3 f5 14. exf5 Nhxf5 15. Bd3 Ng6 16. Nde4 Nf4 17. c5 a6 18. Rc1 h6 19. b4 Rf7 20. a4 Nd4 21. a5 g4 22. Na4 Bf5 23. cxd6 cxd6 24. Nb6 Rb8 25. Re1 h5 26. Bb1 h4 27. Bxf4 exf4 28. Nd2 Bxb1 29. Nxb1 f3 30. Re4 Ne2+ 31. Rxe2 fxe2 32. Qxe2 Qg5 33. Rf1 g3 34. Nd2 gxf2+ 35. Kh1 h3 36. gxh3 Rbf8 37. Ne4 Qf4 38. Qg4 Re7 39. Ng3 Re1 40. Kg2 Rxf1 41. Nxf1 Qxg4+ 42. hxg4 Rf4 43. Kg3 Rxb4 44. Nc8 Be5+ 45. Kf3 Rf4+ 46. Ke3 Kf7 47. h3 Kf6 48. Nb6 Kg5 49. Nd7 Bd4+ 50. Ke2 Kh4 51. g5 Kxg5 52. Nh2 Kh4 53. Nf3+ Rxf3 54. Kf1 Kxh3 55. Nf6 0-1


[Site "https://www.chess.com"]

[Event "Titled Tuesday Blitz April 19 Late 2022"]
[White "Kohler, Aran"]
[Black "Lehtosaari, Mauri"]
[WhiteFideId "1002856"]
[BlackFideId "501999"]
[WhiteElo "2287"]
[BlackElo "2431"]
[Result "1-0"]
[Round "11"]
[TimeControl "180+1"]
[Date "2022.04.19"]
[WhiteClock "0:01:28"]
[BlackClock "0:00:30"]

1. d4 d5 2. Nf3 Nf6 3. Bg5 Ne4 4. h4 c6 5. c3 Qb6 6. Qb3 h6 7. Bf4 Bf5 8. Nbd2 Nd7 9. Nxe4 Bxe4 10. Nd2 Bh7 11. e3 e6 12. Be2 c5 13. O-O c4 14. Qxb6 axb6 15. a4 Be7 16. b3 cxb3 17. Nxb3 O-O 18. Bb5 Nf6 19. f3 Nh5 20. g3 Nxf4 21. exf4 Rfc8 22. Rfc1 Rc7 23. c4 Rac8 24. cxd5 exd5 25. Rxc7 Rxc7 26. Rc1 Rxc1+ 27. Nxc1 Bf6 28. Ne2 Kf8 29. Kf2 Ke7 30. Ke3 Bc2 31. Kd2 Bf5 32. g4 Bxh4 33. gxf5 Bf2 34. Kd3 h5 35. f6+ Kxf6 36. Bd7 Ke7 37. Bh3 Kd6 38. Nc3 f6 39. Nb5+ Ke7 40. Ke2 Bg3 41. Ke3 g5 42. fxg5 fxg5 43. Nc3 Kd6 44. Bf5 Bf4+ 45. Ke2 Bd2 46. Kxd2 1-0


[Site "https://www.chess.com"]

[Event "Titled Tuesday Blitz April 19 Late 2022"]
[White "Kollars, Dmitrij"]
[Black "Saraci, Nderim"]
[WhiteFideId "12909572"]
[BlackFideId "6351921"]
[WhiteElo "2584"]
[BlackElo "2553"]
[Result "1/2-1/2"]
[Round "11"]
[TimeControl "180+1"]
[Date "2022.04.19"]
[WhiteClock "0:00:02"]
[BlackClock "0:00:04"]

1. Nf3 d5 2. e3 Bg4 3. c4 Bxf3 4. Qxf3 c6 5. Nc3 e6 6. d4 Nd7 7. Bd3 Ngf6 8. O-O Bd6 9. b3 O-O 10. Bb2 Qe7 11. Rad1 Ba3 12. Ba1 Bb4 13. Rfe1 a5 14. Re2 Bxc3 15. Bxc3 a4 16. b4 dxc4 17. Bxc4 Nd5 18. Be1 N7b6 19. Bd3 Nxb4 20. Bb1 N4d5 21. e4 Nf6 22. Qd3 e5 23. Rb2 Nbd7 24. Rxb7 Rfb8 25. Rxb8+ Rxb8 26. Bc2 exd4 27. Qxd4 a3 28. f3 Qc5 29. Qxc5 Nxc5 30. Bf2 Nfd7 31. Rd6 f6 32. Bd4 Rb4 33. Bxc5 Nxc5 34. Rxc6 Nd7 35. Bb3+ Kf8 36. Ra6 Rd4 37. Rxa3 Rd2 38. Ra7 h5 39. a4 Nc5 40. Bd5 Nd3 41. h4 Nf4 42. a5 Nxd5 43. exd5 Rxd5 44. a6 Ra5 45. Kf2 Kg8 46. Ke3 Kh7 47. Kd3 Ra4 48. Kc3 Kg6 49. Kb3 Ra1 50. Kb4 Ra2 51. Kb5 Rb2+ 52. Kc6 Rc2+ 53. Kb6 Rb2+ 54. Kc7 Rc2+ 55. Kb8 Rxg2 56. Rb7 Ra2 57. a7 Kh6 58. Rb6 Kg6 59. Kb7 Rxa7+ 60. Kxa7 Kf5 61. Ka6 Kf4 62. Rb7 g5 63. Rh7 Kxf3 64. Rxh5 Kg4 65. Rh6 gxh4 66. Kb5 h3 67. Kc4 Kg3 68. Kd3 h2 69. Ke2 Kg2 70. Rg6+ Kh1 71. Rxf6 Kg2 72. Rg6+ Kh1 73. Rf6 Kg2 74. Rg6+ Kh1 75. Rf6 1/2-1/2


[Site "https://www.chess.com"]

[Event "Titled Tuesday Blitz April 19 Late 2022"]
[White "Kostiukov, Alexandr"]
[Black "Ezat, Mohamed"]
[WhiteFideId "14108100"]
[BlackFideId "10600906"]
[WhiteElo "2394"]
[BlackElo "2577"]
[Result "1-0"]
[Round "11"]
[TimeControl "180+1"]
[Date "2022.04.19"]
[WhiteClock "0:00:42"]
[BlackClock "0:00:01"]

1. g3 Nf6 2. Bg2 g6 3. c4 Bg7 4. Nf3 O-O 5. O-O c5 6. d4 d6 7. Nc3 Nc6 8. dxc5 dxc5 9. Bf4 Be6 10. Ne5 Nxe5 11. Bxe5 Qb6 12. Qb3 Qb4 13. Bxb7 Bxc4 14. Qxb4 cxb4 15. Bxa8 Rxa8 16. b3 Ba6 17. Na4 Bxe2 18. Rfe1 Bb5 19. Nb2 Nd5 20. Bxg7 Kxg7 21. Nc4 e6 22. a3 bxa3 23. Rxa3 a6 24. Nd6 Rd8 25. Nxb5 axb5 26. Ra7 Kf6 27. Rc1 b4 28. Rc4 Rd6 29. Kg2 g5 30. h4 h6 31. Ra8 Rb6 32. Rh8 Kg7 33. Rd8 Ra6 34. h5 Ra2 35. Rcc8 Rb2 36. Rg8+ Kf6 37. Rh8 1-0


[Site "https://www.chess.com"]

[Event "Titled Tuesday Blitz April 19 Late 2022"]
[White "Krishnakumar, Sriram"]
[Black "Baker, Chris W"]
[WhiteFideId "30915856"]
[BlackFideId "401676"]
[WhiteElo "2415"]
[BlackElo "2251"]
[Result "1-0"]
[Round "11"]
[TimeControl "180+1"]
[Date "2022.04.19"]
[WhiteClock "0:02:12"]
[BlackClock "0:01:16"]

1. e4 e5 2. Nf3 Nc6 3. d4 exd4 4. Nxd4 Nf6 5. Nxc6 bxc6 6. e5 Qe7 7. Qe2 Nd5 8. h4 d6 9. c4 Nb6 10. exd6 Qxe2+ 11. Bxe2 cxd6 12. Nc3 Be6 13. b3 Be7 14. Bb2 Bf6 15. O-O-O Rd8 16. Bf3 c5 17. Rhe1 O-O 18. Nd5 Bxb2+ 19. Kxb2 Nxd5 20. Bxd5 Bxd5 21. Rxd5 g6 22. Red1 Rfe8 23. R1d2 Re6 24. Rxc5 dxc5 25. Rxd8+ Kg7 26. Rd2 Re4 27. g3 Kf6 28. Kc3 Ke6 29. b4 cxb4+ 30. Kxb4 f5 31. Kb5 f4 32. c5 fxg3 33. fxg3 1-0


[Site "https://www.chess.com"]

[Event "Titled Tuesday Blitz April 19 Late 2022"]
[White "Leitao, Rafael"]
[Black "Foisor, Sabina-Francesca"]
[WhiteFideId "2101246"]
[BlackFideId "1212915"]
[WhiteElo "2640"]
[BlackElo "2387"]
[Result "1-0"]
[Round "11"]
[TimeControl "180+1"]
[Date "2022.04.19"]
[WhiteClock "0:00:54"]
[BlackClock "0:00:16"]

1. e4 c6 2. d4 d5 3. e5 g6 4. Nf3 Bg7 5. Be2 f6 6. O-O Nh6 7. exf6 exf6 8. c4 O-O 9. Nc3 Be6 10. Qb3 Qb6 11. cxd5 Qxb3 12. axb3 Bxd5 13. Nxd5 cxd5 14. Ra5 Re8 15. Re1 Nc6 16. Rxd5 Nf5 17. g4 Nfe7 18. Rd7 Red8 19. Rxb7 Rab8 20. Bc4+ Kf8 21. Rxb8 Rxb8 22. Bf4 Rd8 23. Re6 Ke8 24. Bd6 Kd7 25. d5 Nc8 26. dxc6+ Kxc6 27. Be7+ Kd7 28. Bxd8 Kxd8 29. Nd4 1-0


[Site "https://www.chess.com"]

[Event "Titled Tuesday Blitz April 19 Late 2022"]
[White "Lewtak, Damian"]
[Black "Urazayev, Arystanbek"]
[WhiteFideId "1141724"]
[BlackFideId "13709810"]
[WhiteElo "2362"]
[BlackElo "2422"]
[Result "1-0"]
[Round "11"]
[TimeControl "180+1"]
[Date "2022.04.19"]
[WhiteClock "0:00:35"]
[BlackClock "0:00:06"]

1. e4 c5 2. Nf3 d6 3. Bb5+ Bd7 4. Bxd7+ Nxd7 5. O-O Ngf6 6. Qe2 e6 7. c3 Be7 8. d4 O-O 9. e5 Ne8 10. Bf4 cxd4 11. cxd4 Nb6 12. Nc3 Nc7 13. Ne4 Ncd5 14. Bg3 dxe5 15. dxe5 Rc8 16. h4 Qc7 17. Nfg5 h6 18. Nh3 Qc4 19. Qg4 h5 20. Qf3 g6 21. Nhg5 Nd7 22. Rac1 Qxc1 23. Rxc1 Rxc1+ 24. Kh2 f5 25. exf6 N7xf6 26. Nxf6+ Nxf6 27. Bf4 Ng4+ 28. Kg3 Bd6 29. Nxe6 Rf7 30. Qb3 Bxf4+ 31. Nxf4 Rc6 32. Nd3 Kg7 33. f3 Nh6 34. Ne5 Rb6 35. Qc3 Rf5 36. Nd7+ Rbf6 37. Nxf6 Rxf6 38. Kf2 a6 39. Qe5 Ng8 40. Kg1 Kf8 41. Qb8+ Kf7 42. Qxb7+ Ne7 43. g4 hxg4 44. fxg4 Rf4 45. Qd7 Rc4 46. Qd1 Ke6 47. Qe2+ 1-0


[Site "https://www.chess.com"]

[Event "Titled Tuesday Blitz April 19 Late 2022"]
[White "Lin, Dachey"]
[Black "Indjic, Aleksandar"]
[WhiteFideId "2029650"]
[BlackFideId "911925"]
[WhiteElo "2313"]
[BlackElo "2616"]
[Result "1/2-1/2"]
[Round "11"]
[TimeControl "180+1"]
[Date "2022.04.19"]
[WhiteClock "0:00:09"]
[BlackClock "0:00:09"]

1. Nc3 d5 2. e4 d4 3. Nce2 c5 4. Nf3 Nc6 5. c3 e5 6. Ng3 a6 7. Bc4 h6 8. Qb3 Qc7 9. Bd5 Nf6 10. Bxc6+ bxc6 11. d3 Be6 12. Qa4 Nd7 13. O-O g6 14. Nh4 Qb7 15. Ne2 Be7 16. Nf3 a5 17. Nd2 f6 18. f4 Bf7 19. c4 Bd6 20. Nf3 g5 21. fxe5 Nxe5 22. Qc2 Ng6 23. Bd2 Qc7 24. h3 h5 25. Ne1 g4 26. Rxf6 gxh3 27. Nf3 Rg8 28. Bg5 Ne5 29. Qd2 Be7 30. Rf5 Nxf3+ 31. gxf3 O-O-O 32. Kh1 Be6 33. Bxe7 Qxe7 34. Rxh5 Rg2 35. Re1 Rdg8 36. Qxa5 Qd6 37. Qa8+ Kd7 38. Rh7+ R8g7 39. Qa7+ Qc7 40. Qxc7+ Kxc7 41. Rxg7+ Rxg7 42. Nf4 Bd7 43. Rg1 Rf7 44. Ng6 Rxf3 45. Ne5 Re3 46. Kh2 Kd6 47. Nxd7 Kxd7 48. Rg3 Re2+ 49. Kxh3 Rxb2 50. Kh4 Rxa2 51. Kg4 Ke6 52. Kf4 Rf2+ 53. Rf3 Rg2 54. Rg3 Rf2+ 55. Rf3 Rg2 56. Rh3 Rf2+ 57. Kg4 Rf6 58. Rh5 Rf1 59. Rxc5 Rd1 60. Rxc6+ Ke5 61. Rc5+ Ke6 62. Rd5 Rxd3 63. c5 Rd1 64. Kf4 Rd2 65. c6 Rc2 66. Rxd4 Rxc6 67. Rd5 Ra6 68. Rh5 Ke7 69. Rh7+ Ke8 70. Ke5 Ra5+ 71. Kf6 Ra6+ 72. Kf5 Ra5+ 73. e5 Ra6 74. Rg7 Rb6 75. Rc7 Ra6 76. Rc3 Rb6 77. Rd3 Ra6 78. Ke4 Ke7 79. Kd5 Ra5+ 80. Ke4 Ra4+ 81. Kf5 Ra1 82. Rb3 Rf1+ 83. Ke4 Re1+ 84. Kd5 Rd1+ 85. Ke4 Re1+ 86. Re3 Rxe3+ 87. Kxe3 Ke6 88. Ke2 Kxe5 1/2-1/2


[Site "https://www.chess.com"]

[Event "Titled Tuesday Blitz April 19 Late 2022"]
[White "Lopez Idarraga, Daniel Eduardo"]
[Black "Ricaurte Lopez, Juan Carlos"]
[WhiteFideId "4405501"]
[BlackFideId "3600327"]
[WhiteElo "2055"]
[BlackElo "2209"]
[Result "1-0"]
[Round "11"]
[TimeControl "180+1"]
[Date "2022.04.19"]
[WhiteClock "0:00:21"]
[BlackClock "0:00:14"]

1. d4 Nf6 2. Nf3 e6 3. e3 c5 4. Bd3 b6 5. O-O Bb7 6. c4 Be7 7. Nc3 O-O 8. d5 d6 9. e4 e5 10. Bg5 Nfd7 11. Bxe7 Qxe7 12. a3 g6 13. b4 f5 14. Nd2 Na6 15. b5 Nc7 16. a4 a6 17. Rb1 axb5 18. axb5 f4 19. f3 Ne8 20. Ra1 Ng7 21. Qc2 g5 22. Rxa8 Rxa8 23. Qb2 Qd8 24. Ra1 Qb8 25. Ra3 Rxa3 26. Qxa3 Qa8 27. Qxa8+ Bxa8 28. g4 Nf8 29. h4 gxh4 30. Kg2 Ne8 31. Kh3 Ng6 32. Na4 h5 33. gxh5 Nf8 34. Nxb6 Bb7 35. Kxh4 Kg7 36. Kg5 Nh7+ 37. Kf5 Kf7 38. Nb3 Ng7+ 39. Kg4 Nf6+ 40. Kg5 Nfxh5 41. Na4 Bc8 42. Na5 Ng3 43. b6 Ke7 44. b7 Bxb7 45. Nxb7 Ne8 46. Nbxc5 dxc5 47. Nxc5 Nd6 48. Ne6 Nh1 49. c5 Ne8 50. Bb5 Nf2 51. Bxe8 Kxe8 52. Kf5 Nd3 53. c6 Ke7 54. Ng7 Kd6 55. Nh5 Nb4 56. Nf6 Nxc6 57. dxc6 Kxc6 58. Kxe5 Kc5 59. Kxf4 Kc4 60. Ke5 Kd3 61. f4 Ke3 62. f5 Kf3 63. Ng4 Kxg4 64. f6 Kf3 65. f7 Ke3 66. f8=Q 1-0


[Site "https://www.chess.com"]

[Event "Titled Tuesday Blitz April 19 Late 2022"]
[White "Mangialardo, Tiago Carvalho"]
[Black "Mohammadian, Mohammad"]
[WhiteFideId "2130718"]
[BlackFideId "12566055"]
[WhiteElo "2049"]
[BlackElo "1544"]
[Result "1-0"]
[Round "11"]
[TimeControl "180+1"]
[Date "2022.04.19"]
[WhiteClock "0:00:08"]
[BlackClock "0:00:28"]

1. e4 e5 2. Nf3 Nc6 3. d4 exd4 4. Nxd4 Bc5 5. Nxc6 Qf6 6. Qf3 Qxf3 7. gxf3 bxc6 8. Nc3 Bb7 9. Bf4 O-O-O 10. Bc4 f6 11. Na4 Bb6 12. Nxb6+ cxb6 13. Bd6 Nh6 14. O-O-O c5 15. Rhg1 g6 16. Rd3 f5 17. Rc3 fxe4 18. fxe4 Bxe4 19. b4 Bc6 20. bxc5 bxc5 21. Ba6+ Bb7 22. Rb3 Rde8 23. Bxb7+ Kd8 24. Bd5 Re1+ 25. Rxe1 Nf5 26. Rb8# 1-0


[Site "https://www.chess.com"]

[Event "Titled Tuesday Blitz April 19 Late 2022"]
[White "Martic, Ivan"]
[Black "Tristan, Leonardo"]
[WhiteFideId "929301"]
[BlackFideId "113816"]
[WhiteElo "2317"]
[BlackElo "2404"]
[Result "0-1"]
[Round "11"]
[TimeControl "180+1"]
[Date "2022.04.19"]
[WhiteClock "0:00:11"]
[BlackClock "0:00:34"]

1. d4 d5 2. c4 e6 3. Nc3 a6 4. cxd5 exd5 5. Bf4 Nf6 6. e3 c5 7. Nf3 c4 8. h3 b5 9. a3 Bb7 10. Be2 Be7 11. O-O O-O 12. Ne5 Nbd7 13. Bf3 Nb6 14. Re1 Ne4 15. Ne2 f6 16. Ng4 g5 17. Bg3 Kg7 18. Rc1 h5 19. Bxe4 dxe4 20. Ne5 h4 21. Bh2 fxe5 22. Bxe5+ Bf6 23. Qc2 Qe7 24. Bh2 Nd5 25. Nc3 Nxc3 26. bxc3 Qxa3 27. Qe2 Qe7 28. Rcd1 Bd5 29. Qg4 Qe6 30. Qe2 Kg6 31. f3 Rae8 32. f4 Be7 33. Rf1 Bd6 34. f5+ Rxf5 35. Bxd6 Rxf1+ 36. Rxf1 Qxd6 37. Qf2 Qe6 38. Kh1 a5 39. Rb1 Rb8 40. Qa2 Qb6 41. Rf1 b4 42. cxb4 axb4 43. Qa4 Qd6 44. Qa7 Rf8 45. Ra1 Rf6 46. Qa4 b3 47. Qe8+ Bf7 48. Qh8 b2 49. Rg1 Qg3 50. Qa8 Rf2 51. Qxe4+ Kg7 52. d5 g4 53. Qd4+ Kg8 54. hxg4 h3 55. Qe4 0-1


[Site "https://www.chess.com"]

[Event "Titled Tuesday Blitz April 19 Late 2022"]
[White "Martinez Alcantara, Jose Eduardo"]
[Black "Babazada, Khazar"]
[WhiteFideId "3805662"]
[BlackFideId "13413554"]
[WhiteElo "2690"]
[BlackElo "2406"]
[Result "1-0"]
[Round "11"]
[TimeControl "180+1"]
[Date "2022.04.19"]
[WhiteClock "0:00:11"]
[BlackClock "0:00:05"]

1. e4 g6 2. d4 Bg7 3. c3 d6 4. Bd3 Nf6 5. Nf3 O-O 6. O-O Nbd7 7. Nbd2 e5 8. Re1 b6 9. Nf1 Bb7 10. Ng3 Re8 11. Bg5 h6 12. Bd2 Kh7 13. Qc2 Nf8 14. Rad1 Qe7 15. h3 N6d7 16. b4 Ne6 17. Be3 c6 18. a4 a5 19. b5 c5 20. d5 Nf4 21. Bf1 Rg8 22. Nd2 Raf8 23. Nc4 Bc8 24. Rc1 h5 25. Qd2 Bh6 26. Qc2 h4 27. Nh1 Kh8 28. g3 g5 29. g4 Qf6 30. f3 Re8 31. Nf2 Rg6 32. Bd2 Qd8 33. Nd1 Nf8 34. Nde3 Kh7 35. Rb1 Bg7 36. Ra1 Rf6 37. Reb1 N8g6 38. Kf2 Bf8 39. Ke1 Qc7 40. Kd1 Be7 41. Kc1 Bd8 42. Kb2 Qe7 43. Nf5 Qc7 44. Be3 Kh8 45. Rd1 Bd7 46. Rd2 Bc8 47. Rad1 Bd7 48. Re1 Bc8 49. Rdd1 Bd7 50. Ka2 Bc8 51. Bg1 Bd7 52. Nfe3 Bc8 53. Rd2 Bd7 54. Rh2 Be7 55. Bd3 Nxd3 56. Qxd3 Rxf3 57. Qd1 Rf4 58. Nf5 Bf8 59. Qd3 f6 60. Be3 Bc8 61. Kb3 Be7 62. Kb2 Bf8 63. Qc2 Qd8 64. Qg2 Bb7 65. Rd1 Kh7 66. Rhh1 Qc7 67. Kc2 Bc8 68. Nb2 Bb7 69. Rhe1 Qd7 70. Nd3 Bc8 71. Re2 Qf7 72. Rde1 Bb7 73. Nb2 Ba8 74. Bc1 Bb7 75. Qh1 Ne7 76. Nxd6 Qg6 77. Bxf4 exf4 78. Nxe8 Qxe8 79. c4 Ng6 80. e5 Nxe5 81. Rxe5 fxe5 82. Qe4+ Kh6 83. Nd3 Bg7 84. Nxe5 Bc8 85. Nc6 Qf7 86. Ne7 Bd7 87. Nf5+ Bxf5 88. gxf5 g4 89. Qxf4+ Kh7 90. Re6 gxh3 91. Qxh4+ Kg8 92. Qxh3 Qc7 93. Re8+ Kf7 94. Qh5+ Kf6 95. Qg6# 1-0


[Site "https://www.chess.com"]

[Event "Titled Tuesday Blitz April 19 Late 2022"]
[White "Migot, Tangi"]
[Black "Musovic, Armin"]
[WhiteFideId "662445"]
[BlackFideId "939935"]
[WhiteElo "2545"]
[BlackElo "2453"]
[Result "1-0"]
[Round "11"]
[TimeControl "180+1"]
[Date "2022.04.19"]
[WhiteClock "0:00:15"]
[BlackClock "0:00:13"]

1. c4 e5 2. Nc3 Bb4 3. Nd5 Bc5 4. e3 Nf6 5. Nxf6+ Qxf6 6. Qc2 O-O 7. h4 Nc6 8. a3 a6 9. b4 Ba7 10. Bb2 Re8 11. Bd3 h6 12. Ne2 d6 13. Ng3 Be6 14. Be4 Rad8 15. f4 Bg4 16. b5 Nd4 17. exd4 Qxf4 18. Qd3 f5 19. Rf1 fxe4 20. Rxf4 exf4 21. Qb3 fxg3 22. b6 cxb6 23. Qxg3 h5 24. Bc3 d5 25. Kf2 Bb8 26. Qe3 Bf4 27. Qxf4 Rf8 28. Ke3 Rxf4 29. Kxf4 dxc4 30. Kxe4 Be6 31. Ke5 Bd5 32. g3 Bc6 33. a4 Rd5+ 34. Ke6 Kh7 35. Rf1 Kg6 36. Rf8 Rd7 37. Ke5 Bxa4 38. d5 Bd1 39. d6 Bg4 40. Kd5 a5 41. Rg8 Kf7 42. Ra8 Be6+ 43. Ke5 Bg4 44. Bd4 b5 45. Rxa5 b4 46. Rb5 b3 47. Rb4 Be6 48. Bc5 g6 49. Kd4 Kf6 50. Rb6 Kf5 51. Kc3 Ke4 52. Be3 Kf3 53. Bf4 Ke2 54. Rb5 Kd1 55. d3 cxd3 56. Kxd3 Bf5+ 57. Kc3 Bc2 58. Rd5+ Ke2 59. Re5+ Kf3 60. Re7 Rd8 61. Rxb7 Be4 62. Rc7 Bd5 63. Kb2 Ke4 64. Rc3 Ra8 65. Re3+ Kd4 66. Re1 Ra2+ 67. Kb1 Be4+ 68. Rxe4+ Kxe4 69. d7 Ra8 70. Bc7 Kf3 71. d8=Q Rxd8 72. Bxd8 Kxg3 73. Bg5 Kg4 74. Kb2 Kf5 75. Kxb3 Ke6 76. Kc3 Kd5 77. Kd3 Ke5 78. Ke3 Kd5 79. Kf4 Ke6 80. Bd8 Kd7 81. Ba5 Ke7 82. Kg5 Kf7 83. Bc3 Kf8 84. Kxg6 Kg8 85. Kxh5 Kh7 86. Kg5 Kg8 87. Kg6 Kf8 88. h5 1-0


[Site "https://www.chess.com"]

[Event "Titled Tuesday Blitz April 19 Late 2022"]
[White "Mikhalsky, Vladimir"]
[Black "Kanyamarala, Tarun"]
[WhiteFideId "14144352"]
[BlackFideId "45004714"]
[WhiteElo "2440"]
[BlackElo "2528"]
[Result "0-1"]
[Round "11"]
[TimeControl "180+1"]
[Date "2022.04.19"]
[WhiteClock "0:00:20"]
[BlackClock "0:00:39"]

1. e4 c5 2. Nf3 Nc6 3. d4 cxd4 4. Nxd4 Nf6 5. Nc3 e5 6. Ndb5 d6 7. Bg5 a6 8. Na3 b5 9. Nd5 Be7 10. Bxf6 Bxf6 11. c3 O-O 12. h4 g6 13. g3 Bg7 14. Bh3 Be6 15. Nc2 Rb8 16. Qd3 a5 17. a3 Ne7 18. Nce3 Nxd5 19. Nxd5 f5 20. O-O Kh8 21. Kg2 Qc8 22. Rh1 Qb7 23. Rad1 Rf7 24. h5 fxe4 25. Qxe4 Bxh3+ 26. Rxh3 Rbf8 27. hxg6 Rxf2+ 28. Kg1 h6 29. Rh2 Qa7 30. Qe3 Qxe3 31. Nxe3 R2f3 32. Re1 Rxg3+ 33. Rg2 Rgf3 34. Nd5 e4 35. Rxe4 Rf1+ 36. Kh2 R1f5 37. Ne7 Rh5+ 38. Kg3 Be5+ 39. Kg4 Rg5+ 40. Kh3 Rf3+ 41. Kh4 Rxg2 42. Rxe5 dxe5 43. Nc6 Rf4+ 0-1


[Site "https://www.chess.com"]

[Event "Titled Tuesday Blitz April 19 Late 2022"]
[White "Noboa Silva, Kevin"]
[Black "Mekhitarian, Krikor Sevag"]
[WhiteFideId "3618471"]
[BlackFideId "2107660"]
[WhiteElo "2172"]
[BlackElo "2598"]
[Result "0-1"]
[Round "11"]
[TimeControl "180+1"]
[Date "2022.04.19"]
[WhiteClock "0:00:02"]
[BlackClock "0:00:04"]

1. d4 Nf6 2. c4 g6 3. Nc3 d5 4. cxd5 Nxd5 5. e4 Nxc3 6. bxc3 Bg7 7. Nf3 c5 8. Bb5+ Nd7 9. O-O O-O 10. h3 Qc7 11. Be3 a6 12. Bd3 Nb6 13. Qd2 Bd7 14. Bh6 Rac8 15. Bxg7 Kxg7 16. Rac1 Rfd8 17. Rfd1 Ba4 18. Re1 e6 19. h4 h5 20. Qg5 Re8 21. Rb1 Nd7 22. e5 Bc6 23. Be4 b5 24. Qf4 Bxe4 25. Rxe4 cxd4 26. cxd4 Qd8 27. Ng5 Qe7 28. Re3 Nb6 29. Rf3 Rf8 30. Ne4 Nd5 31. Qg3 Qc7 32. Qg5 Qd8 33. Qg3 Rc4 34. Rd1 Qc7 35. Ng5 Qc6 36. Kh2 Rc1 37. Rxc1 Qxc1 38. Ne4 Qd1 39. Nf6 Nxf6 40. exf6+ Kh7 41. Rd3 Qg4 42. d5 Qxg3+ 43. Kxg3 Rd8 44. d6 g5 45. hxg5 Kg6 46. Kf4 h4 47. Rd4 Rd7 48. Rd3 a5 49. Ke5 Kxg5 50. f4+ Kg4 0-1


[Site "https://www.chess.com"]

[Event "Titled Tuesday Blitz April 19 Late 2022"]
[White "Nozdrachev, Leonid"]
[Black "Vujic, Mihailo"]
[WhiteFideId "24113433"]
[BlackFideId "918873"]
[WhiteElo "2494"]
[BlackElo "2388"]
[Result "1-0"]
[Round "11"]
[TimeControl "180+1"]
[Date "2022.04.19"]
[WhiteClock "0:00:12"]
[BlackClock "0:00:04"]

1. e4 e5 2. Nf3 Nc6 3. c3 d5 4. Qa4 Bd7 5. exd5 Nd4 6. Qd1 Nxf3+ 7. Qxf3 Nf6 8. a4 e4 9. Qd1 Nxd5 10. Qb3 Bc6 11. Bb5 Bc5 12. d4 exd3 13. O-O O-O 14. Bxc6 bxc6 15. Qc4 Bd6 16. Qxd3 Qh4 17. g3 Qh3 18. Qf3 Rae8 19. Nd2 f5 20. Nc4 f4 21. Qg2 Qh5 22. Nxd6 f3 23. Qh1 cxd6 24. c4 Nf4 25. Bxf4 Rxf4 26. Ra3 Rf6 27. Rd3 Ref8 28. Rfd1 Qe5 29. b3 Qe2 30. h4 Re6 31. Qh3 h5 32. Rxd6 Rxd6 33. Rxd6 Rb8 34. Qe6+ Qxe6 35. Rxe6 Rxb3 36. Re3 Rb4 37. Rxf3 Rxc4 38. Rf5 Rxa4 39. Rxh5 Kf7 40. Rc5 Ra6 41. h5 Ke6 42. Kg2 Kd6 43. Rg5 Rb6 44. Rxg7 a5 45. h6 Rb8 46. Ra7 Rh8 47. h7 a4 48. g4 Ke5 49. Kg3 a3 50. f4+ Ke4 51. g5 a2 52. g6 a1=Q 53. Rxa1 Rd8 54. g7 Rd3+ 55. Kg4 Ke3 56. g8=Q Kf2 1-0


[Site "https://www.chess.com"]

[Event "Titled Tuesday Blitz April 19 Late 2022"]
[White "Perrine, Dalton"]
[Black "Sarkar, Justin"]
[WhiteFideId "2048434"]
[BlackFideId "2010011"]
[WhiteElo "2486"]
[BlackElo "2391"]
[Result "0-1"]
[Round "11"]
[TimeControl "180+1"]
[Date "2022.04.19"]
[WhiteClock "0:00:06"]
[BlackClock "0:00:03"]

1. Nf3 e6 2. g3 f5 3. Bg2 Nf6 4. O-O Be7 5. d3 O-O 6. c4 d6 7. Nc3 Qe8 8. d4 Ne4 9. Nxe4 fxe4 10. Ne1 d5 11. cxd5 exd5 12. Qb3 Qf7 13. f3 exf3 14. Rxf3 Bf6 15. Bg5 c6 16. Bxf6 gxf6 17. Nc2 Nd7 18. Raf1 Nb6 19. Rxf6 Qxf6 20. Rxf6 Rxf6 21. e4 Be6 22. exd5 Bxd5 23. Bxd5+ cxd5 24. Ne3 Rd8 25. Ng4 Rg6 26. Ne5 Rg7 27. a4 Nc8 28. a5 b6 29. a6 Ne7 30. Kg2 Nf5 31. Qd3 Rf8 32. b4 Nh4+ 33. Kg1 Nf5 34. b5 Re7 35. Kg2 Nd6 36. Nc6 Ref7 37. Qc3 Ne4 38. Kh3 Nxc3 39. Ne5 Nxb5 40. Nc6 Nxd4 41. Nxd4 Rd7 42. Nc6 Rc8 43. Ne5 Rcc7 44. Nd3 d4 45. Kg4 Rc3 46. Nf4 Rg7+ 47. Kf5 d3 48. Nd5 Rc5 49. Ke4 Rxd5 50. Ke3 d2 0-1


[Site "https://www.chess.com"]

[Event "Titled Tuesday Blitz April 19 Late 2022"]
[White "Petrovic, Aleksa"]
[Black "Iskusnyh, Sergei"]
[WhiteFideId "967629"]
[BlackFideId "4120027"]
[WhiteElo "2453"]
[BlackElo "2551"]
[Result "1-0"]
[Round "11"]
[TimeControl "180+1"]
[Date "2022.04.19"]
[WhiteClock "0:00:18"]
[BlackClock "0:00:11"]

1. d4 d5 2. c4 c6 3. Nf3 Nf6 4. Nc3 dxc4 5. e4 b5 6. Be2 e6 7. a4 b4 8. e5 bxc3 9. exf6 cxb2 10. fxg7 bxa1=Q 11. gxh8=Q Qa5+ 12. Kf1 Q5c3 13. Bh6 Nd7 14. Qxh7 Rb8 15. g4 Bxh6 16. Qxa1 Qxa1+ 17. Kg2 Qb2 18. Bxc4 Bf4 19. Qh8+ Nf8 20. Qf6 Bd6 21. h4 Qc2 22. h5 Rb2 23. Ng5 Qxc4 24. Qxf7+ Kd8 25. h6 Qd5+ 26. Nf3 c5 27. h7 Bb7 28. h8=Q Rxf2+ 29. Kxf2 Qa2+ 30. Kg1 Qb1+ 31. Kg2 Qc2+ 32. Kh3 Qd3 33. Qhxf8+ Bxf8 34. Qxf8+ Kc7 35. Qxc5+ Kd7 36. Qb5+ Qxb5 37. axb5 Bxf3 38. Ra1 Kd6 39. Rxa7 Kd5 40. b6 Kxd4 41. b7 Bxb7 42. Rxb7 1-0


[Site "https://www.chess.com"]

[Event "Titled Tuesday Blitz April 19 Late 2022"]
[White "Petrovskyi, Vadym"]
[Black "Martinez Reyes, Pedro Ramon"]
[WhiteFideId "14165210"]
[BlackFideId "3901807"]
[WhiteElo "2400"]
[BlackElo "2410"]
[Result "1-0"]
[Round "11"]
[TimeControl "180+1"]
[Date "2022.04.19"]
[WhiteClock "0:01:47"]
[BlackClock "0:00:05"]

1. e4 c5 2. Nf3 Nc6 3. Bb5 Na5 4. d4 cxd4 5. Nxd4 a6 6. Be2 e5 7. Nf3 Nc6 8. Nc3 Nf6 9. O-O Be7 10. Be3 d6 11. Nd5 Nxd5 12. exd5 Nb8 13. c4 Bf5 14. b4 Nd7 15. Rc1 O-O 16. c5 Qb8 17. Qb3 Rc8 18. c6 Nf6 19. Rfd1 h6 20. a4 bxc6 21. dxc6 d5 22. b5 d4 23. Bxd4 exd4 24. Nxd4 Ng4 25. g3 axb5 26. Nxf5 Bg5 27. axb5 Bxc1 28. Rxc1 Ne5 29. Ne7+ Kf8 30. Nxc8 Qxc8 31. b6 Nxc6 32. b7 Qb8 1-0


[Site "https://www.chess.com"]

[Event "Titled Tuesday Blitz April 19 Late 2022"]
[White "Potapova, Margarita"]
[Black "Zlatin, Alexander"]
[WhiteFideId "14126869"]
[BlackFideId "2810549"]
[WhiteElo "2593"]
[BlackElo "2479"]
[Result "0-1"]
[Round "11"]
[TimeControl "180+1"]
[Date "2022.04.19"]
[WhiteClock "0:02:09"]
[BlackClock "0:01:37"]

1. c4 e5 2. g3 Nc6 3. Bg2 Bc5 4. Nc3 Nf6 5. Nf3 e4 6. Ng5 Bxf2+ 7. Kf1 Bb6 8. Ngxe4 Nxe4 9. Nxe4 O-O 10. c5 f5 11. cxb6 fxe4+ 12. Kg1 Qf6 13. Qe1 axb6 14. Bxe4 Qd4+ 15. e3 Qxe4 16. Qe2 d5 17. b3 Nd4 18. Qd1 Nf3+ 19. Kg2 Ng5+ 20. Kg1 0-1


[Site "https://www.chess.com"]